 Dungeon Crawl Stone Soup version 0.27.1-35-g4d5d836560 (webtiles) character file.

Game seed: 8480703334846430419

2420 Delamore the Thrower (level 9, -3/61 HPs)
             Began as an Octopode Brigand on June 8, 2022.
             Was an Initiate of Gozag.
             Slain by a yak (15 damage)
             ... on level 6 of the Dungeon.
             The game lasted 00:07:35 (8728 turns).

Delamore the Thrower (Octopode Brigand)             Turns: 8728, Time: 00:07:36

Health: -3/61      AC:  1    Str: 11    XL:     9   Next: 48%
Magic:  9/9        EV: 19    Int: 13    God:    Gozag
Gold:   324        SH:  0    Dex: 16    Spells: 8/8 levels left

rFire    . . .     SeeInvis +   l - +4 quick blade of Light {vorpal, SInv}
rCold    . . .     Faith    .   (no shield)
rNeg     . . .     Spirit   .   (helmet restricted)
rPois    .         Reflect  .   (no amulet)
rElec    .         Harm     .   j - +4 ring of evasion
rCorr    .         Rampage  .   o - ring of flight
Will     .....                  (no ring)
Stlth    ++++......             (no ring)
HPRegen  0.20/turn              (no ring)
MPRegen  0.11/turn              (no ring)
                                (no ring)
                                (no ring)

@: gold aura, flying
A: almost no armour, amphibious, 8 rings, camouflage 1, gelatinous body 1,
(nimble swimmer 1), tentacles
a: Renounce Religion, Potion Petition, Call Merchant, Bribe Branch


You were on level 6 of the Dungeon.
You worshipped Gozag.
Gozag was aware of your devotion.
You visited 2 branches of the dungeon, and saw 8 of its levels.

You collected 459 gold pieces.
You paid 135 gold pieces to Gozag.

Inventory:

Hand Weapons
 a - a +2 dagger
 d - a +1 whip of electrocution
 k - a +0 hunting sling
 l - the +4 quick blade of Light (weapon) {vorpal, SInv}
   (You acquired it on level 6 of the Dungeon)

   It inflicts extra damage upon your enemies.
   SInv:      It lets you see invisible.
 q - a +2 war axe of flaming
Missiles
 b - 21 poisoned darts
 c - 2 curare-tipped darts (quivered)
 e - 11 atropa-tipped darts
 g - 138 stones
 m - 47 sling bullets
 s - 8 javelins
Jewellery
 j - a +4 ring of evasion (left tentacle)
 o - a ring of flight (right tentacle)
 t - a ring of ice
Wands
 u - a wand of paralysis (15)
 D - a wand of acid (10)
Scrolls
 h - 2 scrolls of immolation
 n - a scroll of vulnerability {unknown}
 p - a scroll of holy word {unknown}
 v - a scroll of teleportation {unknown}
 y - a scroll of fear {unknown}
 C - a scroll of fog {unknown}
 E - a scroll of amnesia {unknown}
 F - 2 scrolls of identify
Potions
 i - a potion of magic {unknown}
 r - 3 potions of curing
 w - a potion of might {unknown}
 x - a potion of heal wounds
 z - a potion of berserk rage {unknown}
 A - a potion of resistance {unknown}
 B - a potion of mutation {unknown}


   Skills:
 - Level 5.0 Fighting
 + Level 6.2 Short Blades
 - Level 8.9 Throwing
 - Level 5.0 Dodging
 - Level 5.3 Stealth


You had 8 spell levels left.
You didn't know any spells.
Your spell library contained the following spells:

 Spells                   Type           Power      Damage    Failure   Level
 Shock                    Conj/Air       0%         1d3       30%         1
 Gell's Gravitas          Tloc           0%         N/A       67%         3
 Lesser Beckoning         Tloc           0%         N/A       67%         3
 Swiftness                Air            0%         N/A       67%         3
 Teleport Other           Tloc           0%         N/A       67%         3
 Airstrike                Air            0%         N/A       97%         4


Dungeon Overview and Level Annotations

Branches:
Dungeon (7/15)             Temple (1/1) D:7

Altars:
Ashenzari
Dithmenos
Elyvilon
Gozag
Hepliaklqana
Kikubaaqudgha
Makhleb
Nemelex Xobeh
Okawaru
Qazlal
Ru
Sif Muna
Trog
Uskayaw
Vehumet
Wu Jian
Yredelemnul

Shops:
D:4 (   D:6 (   D:7 *


Innate Abilities, Weirdness & Mutations

You cannot wear most types of armour.
You are amphibious.
You can wear up to eight rings at the same time.
Your skin changes colour to match your surroundings (Stealth+).
Your rubbery body absorbs attacks. (AC +1, EV +1)
((You are camouflaged near water. (Stealth+)))
You have tentacles for arms and can constrict up to eight enemies at once.


Message History

The ice beast misses you.
You barely miss the ice beast. You squeeze the ice beast.
The ice beast is moderately wounded.
You hit the ice beast but do no damage. You squeeze the ice beast!
The ice beast is heavily wounded.
A yak comes into view.
The yak bellows!
You hit the ice beast but do no damage. You squeeze the ice beast.
The ice beast is severely wounded.
The ice beast hits you but does no damage.
You hit the ice beast.
The ice beast is severely wounded.
You hit the ice beast.
The ice beast is almost dead.
The ice beast hits you. The ice beast freezes you!
You barely miss the ice beast.
The ice beast is almost dead.
The yak gores you!
There is an escape hatch in the ceiling here.
The yak gores you! The ice beast barely misses you. The yak barely misses you.
A mysterious force pulls you upwards. The hatch slams shut behind you.
You barely miss the ice beast.
The ice beast is almost dead.
The yak misses you.
You hit the ice beast but do no damage.
The ice beast is almost dead.
The ice beast hits you. The ice beast freezes you!
* * * LOW HITPOINT WARNING * * *
The yak closely misses you.
Okay, then.
You feel much better. The yak gores you. The ice beast completely misses you.
The yak gores you!
* * * LOW HITPOINT WARNING * * *
Okay, then.
Okay, then.
As you read the scroll of summoning, it crumbles to dust.
Wisps of shadow whirl around you... The yak barely misses you.
The ice beast completely misses you. The yak gores you!
You die...
Your body crumbles into a pile of gold.

.....#####.............# ####
#........#.............#
.....###.#.............#
.......................# ##
.....######............# ####.
....†# #...........># #....
.....# #............# ##....
#....# #....oY......#####>....
#....########.n.@...##...........
#...........#..Y.Y..######.......
#...........#...oh..# #.......
#...........#.......######.......
#...........#....o..##...........
#...........#......o##.####......
#...........##########.# #.......
#......>.......# #.###.#.....
#............#.### #.....#.#'##


You could see 2 yaks, an ice beast (ally target), a friendly necrophage
(summoned), a friendly hound (summoned), 2 friendly orc wizards and 2 friendly
orcs.

Vanquished Creatures
  Sigmund (D:5)
  A steam dragon (D:7)
  A black bear (D:5)
  3 necrophages
  3 ogres
  A sky beast (D:4)
  3 centaurs
  2 phantoms (D:5)
  2 scorpions
  2 howler monkeys (D:6)
  A centaur skeleton (D:5)
  6 orc priests
  3 jellies
  A bullfrog skeleton (D:5)
  2 hounds
  A scorpion zombie (D:5)
  Jessica (D:3)
  2 iguanas
  5 orc wizards
  A hound skeleton (D:4)
  10 adders
  3 ufetubi
  2 adder skeletons
  2 worms
  3 dart slugs
  21 orcs
  8 endoplasms
  A giant cockroach (D:1)
  5 goblins
  5 hobgoblins
  7 jackals (D:1)
  3 quokkas
  3 ball pythons
  7 bats
  3 frilled lizards
  5 kobolds
  7 rats
137 creatures vanquished.

Notes
Turn   | Place    | Note
-------+----------+-------------------------------------------
     0 | D:1      | Delamore the Octopode Brigand began the quest for the Orb.
     0 | D:1      | Reached XP level 1. HP: 14/14 MP: 1/1
   301 | D:1      | Reached XP level 2. HP: 19/19 MP: 2/2
   573 | D:1      | Reached XP level 3. HP: 25/25 MP: 3/3
  1685 | D:2      | Found a faded altar of an unknown god.
  1732 | D:2      | Reached XP level 4. HP: 6/30 MP: 4/4
  2178 | D:2      | Reached skill level 3 in Throwing
  2597 | D:3      | Found an ornate altar of the Wu Jian Council.
  2662 | D:3      | Reached XP level 5. HP: 20/36 MP: 5/5
  2882 | D:3      | Noticed Jessica
  2886 | D:3      | Found a hide-covered altar of Uskayaw.
  2887 | D:3      | Found a bloodstained altar of Trog.
  2889 | D:3      | Killed Jessica
  2911 | D:3      | Found an iron altar of Okawaru.
  3042 | D:3      | Found a shadowy altar of Dithmenos.
  3244 | D:4      | Noticed a necrophage
  3251 | D:4      | Killed a necrophage
  3252 | D:4      | Reached XP level 6. HP: 42/43 MP: 6/6
  3403 | D:4      | Noticed a sky beast
  3412 | D:4      | Killed a sky beast
  3413 | D:4      | Reached skill level 4 in Throwing
  3427 | D:4      | Reached XP level 7. HP: 43/49 MP: 7/7
  3620 | D:4      | Found Toown's Antique Weapon Shoppe.
  4731 | D:5      | Entered Level 5 of the Dungeon
  5047 | D:5      | Reached skill level 5 in Fighting
  5047 | D:5      | Reached skill level 5 in Throwing
  5236 | D:5      | Reached skill level 5 in Dodging
  5320 | D:5      | Reached XP level 8. HP: 51/55 MP: 8/8
  5398 | D:5      | Reached skill level 6 in Throwing
  5574 | D:5      | Reached skill level 7 in Throwing
  5578 | D:5      | HP: 2/55 [orc (6)]
  5792 | D:5      | Noticed Sigmund
  5810 | D:5      | Killed Sigmund
  6302 | D:5      | Reached skill level 8 in Throwing
  6947 | D:6      | Identified a scroll of acquirement
  6949 | D:6      | Acquired the +4 quick blade of Light {vorpal, SInv}
  7075 | D:6      | Found a broken altar of Ashenzari.
  7107 | D:6      | Reached XP level 9. HP: 45/61 MP: 9/9
  7270 | D:6      | Found Qelicrih's Weapon Emporium.
  7776 | D:7      | Found Viyzegai's Elemental Accessories.
  7912 | D:7      | Found a sacrificial altar of Ru.
  8001 | D:7      | Reached skill level 5 in Short Blades
  8205 | D:7      | Found a stormy altar of Qazlal.
  8315 | D:7      | Found a staircase to the Ecumenical Temple.
  8517 | Temple   | Entered the Ecumenical Temple
  8527 | Temple   | Became a worshipper of Gozag Ym Sagoz the Greedy
  8728 | D:6      | Slain by a yak

Illustrated notes

Levels and vault maps discovered:
D:1:      lemuel_arrival_muddy, layout_basic, serial_bayou, serial_bayou_pond_e,
          serial_bayou_pond_a, serial_bayou_shore_b, serial_bayou_shore_b,
          minivault_25
D:2:      layout_rooms, hellmonk_ecumenical_altar_leap_of_faith
D:3:      layout_basic, nicolae_overflow_hidden_temple, uniq_jessica
D:4:      minmay_razor_zed, layout_basic, serial_shops,
          nicolae_shop_window_shopping
D:5:      layout_layer_cave, uniq_sigmund
D:6:      layout_basic, mainiacjoe_overflow_small_starburst, serial_shops, shop
D:7:      layout_cave_pods, nicolae_ru_the_path_less_chosen,
          lemuel_doored_altar, minmay_temple_entry_proselytizer,
          grunt_decor_arrowhead, nicolae_elemental_shop
Temple:   cyrus_circular_temple

Skill      XL: |  1  2  3  4  5  6  7  8  9 |
---------------+----------------------------+-----
Dodging        | 2 3 4 5 |  5.0
Fighting       | 3 4 5 |  5.0
Throwing       | 3 4 5 8 |  8.9
Short Blades   | 3 6 |  6.2
Stealth        | |  5.3

Action                   |  1- 3 |  4- 6 |  7- 9 || total
-------------------------+-------+-------+-------++-------
Melee: Dagger            |    36 |       |       ||    36
       Constrict         |    11 |     8 |    36 ||    55
       Tentacles         |     7 |    11 |    53 ||    71
       Whip              |    24 |    58 |   120 ||   202
       Quick blade       |       |       |   102 ||   102
Throw: Dart              |       |     5 |     3 ||     8
       Stone             |       |       |     2 ||     2
  Use: Scroll            |       |       |     5 ||     5
       Potion            |       |       |     3 ||     3
 Stab: Sleeping          |    17 |     6 |    12 ||    35
       Distracted        |       |     1 |     2 ||     3
Armor: Skin              |     3 |     2 |     9 ||    14
Dodge: Dodged            |    35 |    34 |   182 ||   251
